Map: Catalyst LE

Players

tRankill

  • Race: Terran Terran
  • League: Master
  • Spawn Location: 11:00

IA (très facile) - Winner!

  • Race: Zerg Zerg
  • Spawn Location: 5:00

VOD

Have the link to the VOD?

Description

Time

  • Played on: March 5, 2018, 9:28 a.m.
  • Length: 7:57
Show
View Real Time Build Order
Export as new Build Order

tRankill Terran 

Build Orders: Reaper Expand, Hellion Banshee 

Get SALT Encoding   

  12  0:00  SCV  
  13  0:12  SCV  
  14  0:19  Supply Depot  
  14  0:25  SCV  
  15  0:29  Refinery  
  15  0:40  SCV  
  16  0:46  Barracks  
  16  0:53  SCV  
  17  1:05  SCV  
  18  1:17  SCV  
  19  1:35  Orbital Command  
  19  1:36  Reaper  
  20  1:51  Command Center  
  20  2:02  Factory  
  20  2:04  SCV  
  21  2:09  Barracks Reactor  
  21  2:16  Supply Depot  
  21  2:18  SCV  
  22  2:24  Refinery  
  22  2:44  SCV  
  23  2:54  Barracks Tech Lab, Hellion x2  
  27  2:58  SCV  
  27  3:04  Starport  
  28  3:07  Orbital Command  
  28  3:10  SCV  
  31  3:20  Hellion x2  
  31  3:27  SCV  
  35  3:34  SCV  
  35  3:42  Supply Depot  
  35  3:46  Hellion x2  
  39  3:54  Cloaking Field  
  39  3:55  Banshee  
  39  3:59  SCV x2  
  44  4:05  Supply Depot  
  44  4:08  Armory  
  44  4:14  SCV x2  
  46  4:17  Barracks Tech Lab  
  46  4:32  Supply Depot  
  46  4:38  Banshee  
  46  4:42  SCV x2  
  51  4:47  Marine, Stimpack  
  52  4:54  Factory Reactor  
  52  4:57  SCV x2  
  52  4:59  Barracks  
  54  5:00  Barracks  
  54  5:10  SCV  
  54  5:11  SCV  
  56  5:14  Engineering Bay  
  56  5:15  Engineering Bay  
  56  5:18  Marine  
  57  5:23  SCV x2  
  59  5:36  Marine, SCV x2  
  59  5:42  Terran Infantry Armor Level 1, Terran Infantry Weapons Level 1  
  62  5:45  Refinery  
  62  5:46  Refinery, Supply Depot  
  62  5:47  Starport Reactor, Supply Depot  
  62  5:48  SCV x2  
  64  6:00  Marine x5  
  69  6:07  SCV  
  69  6:08  SCV, Siege Tank  
  74  6:13  Supply Depot  
  74  6:14  Supply Depot  
  74  6:17  Marine x2  
  74  6:18  Marine  
  77  6:26  Medivac  
  77  6:27  Medivac  
  81  6:36  Barracks  
  81  6:37  SCV x2  
  81  6:38  Barracks  
  83  6:52  Barracks Reactor  
  83  6:53  Marine x3  
  86  7:03  Command Center  
  86  7:05  Siege Tank  
  86  7:06  Medivac x2  
  93  7:11  Marine x3  
  96  7:29  Marine x3  
  99  7:32  Barracks Reactor x2  
  99  7:33  Marine x2  
  101  7:38  Supply Depot  
  101  7:39  Supply Depot  
Show
View Real Time Build Order
Export as new Build Order

IA (très facile) Zerg - Winner!

Build Orders: Pool First 

Get SALT Encoding   

  12  0:01  Drone  
  13  0:12  Overlord  
  13  0:17  Drone  
  14  0:35  Spawning Pool  
  13  0:37  Drone  
  13  0:41  Extractor  
  13  0:45  Drone  
  14  0:51  Overlord  
  14  1:22  Queen, Zergling x2  
  17  1:30  Roach Warren  
  16  1:34  Drone  
  16  1:38  Extractor  
  16  1:42  Drone, Zergling x2  
  18  1:55  Drone  
  19  2:03  Zergling x2  
  19  2:06  Drone  
  21  2:17  Drone  
  22  2:27  Drone  
  22  2:29  Overlord  
  23  2:34  Drone  
  24  2:42  Drone  
  25  6:04  Drone, Roach  
  25  6:05  Overlord, Lair  
  28  6:12  Drone  
  29  6:19  Drone  
  30  6:26  Drone  
  28  6:33  Drone  
  29  6:40  Drone  
  29  6:45  Roach  
  32  7:02  Overseer  
  32  7:05  Overseer  
  32  7:21  Hatchery  
  31  7:26  Roach  
  33  7:44  Drone  
Tags
 
Add a new tag
Caveats
  • Supply blocks, unpowered buildings, or Contaminate may cause inaccurate times.
  • Supply counts are checked every 10 seconds.